cohdb
Replays
Latest Replays
All Replays
Popular Replays
Top Player Replays
Match Explorer
How It Works
Community
CoH3 Stats
Reddit
Sign in to upload your games and track your stats! →
Sign in with Steam
Match 44158616
Unlisted
Match 44158616
Overview
Messages
Build Orders
End
Construct Infanterie Kompanie
Selects Breakthrough Battlegroup
Grenadier Squad
Grenadier Squad
Grenadier Squad
MG 42 Machine Gun Team
Infanterie Officer Quarters
Selects Assault Grenadiers
Selects Breakthrough
Construct Luftwaffe Kompanie
Selects Mechanized Assault Group
Mechanized Assault Group
Support Elements
Pioneer Squad
Jäger Squad
Wirbelwind Flakpanzer
Luftwaffe Officer Quarters
Selects Rapid Production
Medical Station
GrW 34 Mortar Team
MG 42 Bunker
Grenadier Squad
Selects Blitzkrieg
Jäger Squad
Jäger Squad
Grenadier Squad
Selects Tiger Heavy Tank
Tiger Heavy Tank
Wirbelwind Flakpanzer
pagep
7k this year for sure
bl4ckjack
rune41
0
0
Comments
sign in to comment!
No comments posted yet!